Workbook

Sheet A
A1: Rate=G | B1: Construction of Carolina Ext 4 and Emzamo Section Sewer Reticulation in CALLM | G1: Contract Number: ALMT12/2024
B4: SECTON 1 : PRELIMINARY AND GENERAL | H4: SANS 1200 A
B5: ITEM NO. | C5: PAYMENT | D5: DESCRIPTION | E5: UNIT | F5: QTY | G5: RATE | H5: AMOUNT
H6: R
A7: 159 | C7: SANS 1200 A | D7: GENERAL
A9: 212 | B9: 1. | C9: 8.3 | D9: Fixed-Charge and Value-Related Items
A11: 213 | B11: 1.1 | C11: 8.3.1 | D11: Contractual Requirements. | E11: Sum | F11: 1
A13: 214 | B13: 1.2 | C13: 8.3.2 | D13: Establishment of Facilities on the Site
A15: 215 | B15: 1.2.1 | C15: 8.3.2.1 (PS9.1) | D15: Facilities for Engineer:
A17: 216 | B17: 1.2.1.1 | D17: a) Furnished Offices (Air-conditioned -1 No.) | E17: Sum | F17: 1
A19: 217 | B19: 1.2.1.2 | D19: b) Nameboards (1 No.). | E19: Sum | F19: 1
A21: 756 | B21: 1.2.1.3 | D21: c) Shaded Carport. | E21: Sum | F21: 1
A23: 218 | B23: 1.2.2 | C23: 8.3.2.2 | D23: Facilities for Contractor:
A25: 219 | B25: 1.2.2.1 | D25: a) Offices and Storage Sheds. | E25: Sum | F25: 1
A27: 220 | B27: 1.2.2.2 | D27: b) Laboratories. | E27: Sum | F27: 1
A29: 221 | B29: 1.2.2.3 | D29: c) Ablution and Latrine Facilities. | E29: Sum | F29: 1
A31: 222 | B31: 1.2.2.4 | D31: d) Tools and Equipment. | E31: Sum | F31: 1
A33: 223 | B33: 1.2.2.5 | D33: e) Water Supplies, Electric Power & Communications. | E33: Sum | F33: 1
A35: 224 | B35: 1.2.2.6 | D35: f) Dealing with Water (sub-clause 5.5) | E35: Sum | F35: 1
A37: 225 | B37: 1.2.2.7 | D37: g) Access to Works (Sub-Clause 5.8). | E37: Sum | F37: 0
A39: 226 | B39: 1.2.2.8 | D39: h) Plant (Designated Plant for Designated Use) | E39: Prov Sum | F39: 1 | G39: 55000 | H39: =G39*F39 -> 55000
A41: 757 | B41: 1.2.2.9 | D41: i) Maintaining Access for Residents. | E41: Sum | F41: 1
A43: 758 | B43: 1.2.2.10 | D43: j) Accommodation of Traffic as detailed in the Project Specifications, current Road Traffic Ordinance Regulations or as instructed by the Engineer. | E43: Sum | F43: 1
A45: 228 | B45: 1.3 | C45: 8.3.3 | D45: Other Fixed-Charge Obligations (List Below):
A47: 229 | B47: 1.3.1 | D47: ................................................................... | E47: Sum | H47: Rate only
A49: 230 | B49: 1.3.2 | D49: .................................................................. | E49: Sum | H49: Rate only
A51: 231 | B51: 1.4 | C51: PS.5.3 | D51: All initial works to be completed for compliance with the site specific Environmental Management Programme (EMPr) including all reports, meetings, approvals and general compliance in all regards. | E51: Sum | F51: 1
B54: Total Carried Forward
A56: Rate=G | B56: =B1 -> Construction of Carolina Ext 4 and Emzamo Section Sewer Reticulation in CALLM | G56: =G1 -> Contract Number: ALMT12/2024
B59: SECTON 1 : PRELIMINARY AND GENERAL | H59: SANS 1200 A
B60: ITEM NO. | C60: PAYMENT | D60: DESCRIPTION | E60: UNIT | F60: QTY | G60: RATE | H60: AMOUNT
H61: R
B62: Total Brought Forward
B63: 1.5 | C63: 8.3.4 | D63: Removal of Site Establishment. | E63: Sum | F63: 1
B65: 1.6 | C65: PS.6 | D65: Contractor's initial obligations in terms of the Occupational Health and Safety Act and Construction Regulations. Rate to include for submission of Health and Safety file and compliance to CALLM Health & Safety Specifications. | E65: Sum | F65: 1
B67: 1.7 | C67: PS.6 | D67: Submission of Health and Safety file on completion of works to the satisfaction of the Employer. | E67: Sum | F67: 1
B69: 1.8 | C69: PS.5.4 | D69: Contractor's initial obligations in terms of the Water Use License issued by the Department of Water and Sanitation. | E69: Sum | F69: 1
A71: 432 | B71: 1.9 | C71: 8.4 | D71: Scheduled Time-Related Items
A73: 433 | B73: 1.9.1 | C73: 8.4.1 | D73: Contractual Requirements. | E73: Sum | F73: 1
A75: 434 | B75: 1.9.2 | C75: 8.4.2 | D75: Operation and maintenance of facilities on site for duration of construction, except where otherwise stated.
A77: 435 | B77: 1.9.2.1 | C77: 8.4.2.1 | D77: Facilities for Engineer:
A79: 436 | B79: 1.9.2.1.1 | D79: a) Furnished Offices (Air-conditioned - 1 No.). and EAR Accommodation on site | E79: Prov Sum | F79: 1 | G79: =6*10000 -> 60000 | H79: =G79*F79 -> 60000
A81: 437 | B81: 1.9.2.1.2 | D81: b) Accomodation and Communication | E81: Prov Sum | F81: 1 | G81: =7500*6 -> 45000 | H81: =G81*F81 -> 45000
A83: 438 | B83: 1.9.2.2 | C83: 8.4.2.2 | D83: Facilities for Contractor:
A85: 439 | B85: 1.9.2.2.1 | D85: a) Offices and Storage Sheds. | E85: Month | F85: 6
A87: 440 | B87: 1.9.2.2.2 | D87: b) Laboratories. | E87: Month | F87: 6
A89: 441 | B89: 1.9.2.2.3 | D89: c) Ablution and Latrine Facilities. | E89: Month | F89: 6
A91: 442 | B91: 1.9.2.2.4 | D91: d) Tools and Equipment. | E91: Month | F91: 6
A93: 443 | B93: 1.9.2.2.5 | D93: e) Water Supplies, Electric Power & Communications. | E93: Month | F93: 6
A95: 444 | B95: 1.9.2.2.6 | D95: f) Dealing with Water (Sub-Clause 5.5). | E95: Month | F95: 6
A97: 445 | B97: 1.9.2.2.7 | D97: g) Access to Works (Sub-Clause 5.8). | E97: Month | F97: 6
A99: 446 | B99: 1.9.2.2.8 | D99: h) Designated Plant. | E99: Prov. Sum | F99: 1
A101: 760 | B101: 1.9.2.2.9 | D101: i) Maintaining Access for Residents. | E101: Month | F101: 6
B103: Total Carried Forward
A105: Rate=G | B105: =B56 -> Construction of Carolina Ext 4 and Emzamo Section Sewer Reticulation in CALLM | G105: =G56 -> Contract Number: ALMT12/2024
B108: SECTON 1 : PRELIMINARY AND GENERAL | H108: SANS 1200 A
B109: ITEM NO. | C109: PAYMENT | D109: DESCRIPTION | E109: UNIT | F109: QTY | G109: RATE | H109: AMOUNT
H110: R
B111: Total Brought Forward
B112: 1.9.2.2.10 | D112: j) Accommodation of Traffic as detailed in the Project Specifications, current Road Traffic Ordinance Regulations or as instructed by the Engineer. | E112: Month | F112: 6
B114: 1.9.3 | C114: 8.4.3 | D114: Supervision for duration of construction | E114: Month | F114: 6
B116: 1.9.4 | C116: 8.4.4 | D116: Company and head office overheads for the duration of the contract. | E116: Sum | F116: 1
B118: 1.9.5 | C118: 8.4.5 | D118: Other Time Related Obligations (List Below):
B120: 1.9.5.1 | D120: ................................................................... | E120: Sum | H120: Rate only
B122: 1.9.5.2 | D122: ................................................................... | E122: Sum | H122: Rate only
B124: 1.9.6 | C124: PS.5.3 | D124: All time related works to be completed for compliance with the site specific Environmental Management Programme (EMPr) including all reports, meetings, approvals and general compliance in all regards. | E124: Sum | H124: Rate only
A126: 454 | B126: 1.9.7 | C126: PS.6 | D126: Contractor's time-related obligations in terms of the Occupational Health and Safety Act and Construction Regulations. Rate to include for full compensation for all personnel (including a dedicated full-time construction safety officer) and all costs in respect of compliance with and enforcement of the health and safety specifications and compliance for Safety Specifications. | E126: Sum | F126: 1
B128: 1.9.8 | C128: PS.5.4 | D128: Contractor's time-related obligations in terms of the Water Use License issued by the Department of Water and Sanitation. | E128: Sum | F128: 1 | H128: =G128*F128 -> 0
B130: 1.9.9 | D130: Allow for repairs to damaged, unknown services carried out by the Contractor. | E130: Prov. Sum | F130: 1 | G130: 60000 | H130: =G130*F130 -> 60000
A132: 456 | B132: 1.10 | C132: 8.5 | D132: Sums Stated Provisionally by Engineer
A134: 457 | B134: 1.10.1 | D134: Allow for additional tacheometry survey works to be undertaken by a Surveyor as directed by the Engineer. | E134: Prov. Sum | F134: 1 | G134: 50000 | H134: =G134*F134 -> 50000
A136: 458 | B136: 1.10.2 | D136: Overheads, charges and profit on item 1.10.1 above. | E136: % | F136: =H134 -> 50000
A138: 459 | B138: 1.10.3 | C138: PS.7.5.2 | D138: Allow for works to be undertaken by a nominated laboratory for additional quality control testing where required by Engineer. | E138: Prov. Sum | F138: 1 | G138: 50000 | H138: =G138*F138 -> 50000
A140: 460 | B140: 1.10.4 | D140: Overheads, charges and profit on item 1.10.3 above. | E140: % | F140: =H138 -> 50000
B142: Total Carried Forward
A144: Rate=G | B144: =B105 -> Construction of Carolina Ext 4 and Emzamo Section Sewer Reticulation in CALLM | G144: =G105 -> Contract Number: ALMT12/2024
B147: SECTON 1 : PRELIMINARY AND GENERAL | H147: SANS 1200 A
B148: ITEM NO. | C148: PAYMENT | D148: DESCRIPTION | E148: UNIT | F148: QTY | G148: RATE | H148: AMOUNT
H149: R
B150: Total Brought Forward
B152: 1.10.5 | C152: PS.5.3 | D152: Allow for monthly compliance audits and monitoring by an Environmental Control Officer. | E152: Prov. Sum | F152: 1 | G152: =20000*6 -> 120000 | H152: =G152*F152 -> 120000
B154: 1.10.6 | D154: Overheads, charges and profit on item 1.10.5 above. | E154: % | F154: =H152 -> 120000
J155: =G152+G160 -> 300000
B156: 1.10.7 | C156: PS.33 | D156: Allow for payment to the Community Liaison Officer (CLO). | E156: Prov. Sum | F156: 1 | G156: =6500*6 -> 39000 | H156: =G156*F156 -> 39000
B158: 1.10.8 | D158: Overheads, charges and profit on item 1.10.7 above. Rate to include for all additional costs for leave days, legal deductions and bonuses. | E158: % | F158: =H156 -> 39000
A160: 461 | B160: 1.10.9 | C160: PS.30 | D160: Allow for Occupational Health and Safety Officer nominated by the consultant. | E160: Prov. Sum | F160: 1 | G160: =30000*6 -> 180000 | H160: =G160*F160 -> 180000
A162: 462 | B162: 1.10.10 | D162: Overheads, charges and profit on item 1.10.13 above. | E162: % | F162: =H160 -> 180000
A164: 463 | B164: 1.10.11 | C164: PS.2 | D164: Allow for relocation of services by the respective service provider where directed by Engineer. | E164: Prov. Sum | F164: 1 | G164: 150000 | H164: =G164*F164 -> 150000
A166: 464 | B166: 1.10.12 | D166: Overheads, charges and profit on item 1.10.11 above. | E166: % | F166: =H164 -> 150000
A168: 463 | B168: 1.10.13 | C168: PS.2 | D168: Allow for repairs to existing services carried out by respective service provider where directed by the Engineer. | E168: Prov. Sum | F168: 1 | G168: 100000 | H168: =G168*F168 -> 100000
A170: 462 | B170: 1.10.14 | D170: Overheads, charges and profit on item 1.10.13 above. | E170: % | F170: =H168 -> 100000
A172: 463 | B172: 1.10.15 | C172: PS.19 | D172: Allow for ancillary works within private properties including removal/relocation, reconstruction etc. | E172: Prov. Sum | F172: 1 | G172: 150000 | H172: =G172*F172 -> 150000
A174: 462 | B174: 1.10.16 | D174: Overheads, charges and profit on item 1.10.15 above. | E174: % | F174: =H172 -> 150000
B176: Total Carried Forward
A179: Rate=G | B179: =B144 -> Construction of Carolina Ext 4 and Emzamo Section Sewer Reticulation in CALLM | G179: =G144 -> Contract Number: ALMT12/2024
B182: SECTON 1 : PRELIMINARY AND GENERAL | H182: SANS 1200 A
B183: ITEM NO. | C183: PAYMENT | D183: DESCRIPTION | E183: UNIT | F183: QTY | G183: RATE | H183: AMOUNT
H184: R
B185: Brought Forward
B186: 1.10.17 | D186: Construct retaining wall in private property as per typical detail, as instructed by the Engineer. | E186: Prov. Sum | F186: 0 | G186: 250000 | H186: =G186*F186 -> 0
...

Sheet C
A1: Rate=G | B1: =A!B226 -> Construction of Carolina Ext 4 and Emzamo Section Sewer Reticulation in CALLM | G1: =A!G226 -> Contract Number: ALMT12/2024
B4: SECTION 2: SITE CLEARANCE | H4: SANS 1200 C
B5: ITEM NO. | C5: PAYMENT | D5: DESCRIPTION | E5: UNIT | F5: QTY | G5: RATE | H5: AMOUNT
H6: R
A7: 507 | B7: 2. | C7: SANS 1200 C | D7: SITE CLEARANCE
A9: 508 | B9: 2.1 | C9: 8.2.1 | D9: Clear vegetation and trees of girth up to 1m in road reserves and private properties (maximum width = 3m). | E9: m | F9: =4170*30% -> 1251
B11: 2.2 | D11: Clear vegetation and trees of girth up to 1m in sensitive areas (maximum width = 10m). | E11: m | H11: Rate only
A13: 510 | B13: 2.3 | C13: 8.2.2 | D13: Remove and dispose of trees of girth:
A15: 511 | B15: 2.3.1 | D15: a) Over 1m and up to and including 2m. | E15: No. | F15: 5
A17: 519 | B17: 2.3.2 | D17: b) Over 2m and up to and including 3m. | E17: No. | F17: 5
A19: 512 | B19: 2.4 | C19: 8.2.5 | D19: Remove existing fences, maintain on site and reinstall to the satisfaction of the property owner (inclusive of replacing any damaged panels):
B21: 2.4.1 | D21: a) Weldmesh wire fencing to a maximum height of 1.8m. | E21: m | F21: 150
A23: 514 | B23: 2.4.2 | D23: b) Precast concrete fencing to a maximum height of 1.8m. | E23: m | F23: 150
B25: 2.4.3 | D25: c) Steel palisade fencing to a maximum height of 1.8m. | E25: m | F25: 150
A27: 785 | B27: 2.5 | C27: 8.2.10 | D27: Remove topsoil to nominal depth of 150mm and stockpile on site for re-use. | E27: m³ | F27: =4170*0.15*3*0.6 -> 1125.9
B29: 2.6 | D29: Transport materials and debris to an approved dump site (rate to include haulage). | E29: m³ | F29: =F27*0.15 -> 168.885
B31: 2.6 | D31: Remove existing concrete kerbs, store on site and re-install to its original condition. | E31: m | F31: 100
B33: 2.7 | D33: Remove existing concrete sidewalk, store on site and re-install to its original condition. | E33: m² | H33: Rate only
B35: 2.8 | D35: Saw-cut existing asphalt surface (maximum width = 1m and maximum thickness = 80mm) and spoil material at an approved dump site (rate to include for cutting road/pavement with diamond saw and haulage)._x000D_ | E35: m | H35: Rate only
A37: 520 | B37: 2.9 | D37: Demolish existing brick/block wall and spoil at an approved dump site (rate to include haulage). | E37: m² | F37: =1.8*100 -> 180
B39: 2.10 | D39: Clearing and removal of building rubble along the pipeline route tip off-site to the nearest approved site (rates to include all plant, labour and material required). | E39: m³ | F39: =1200*0.15*2 -> 360
B41: SECTION 2: Total Carried Forward to Summary

Sheet D
A1: Rate=G | B1: ='C'!B1 -> Construction of Carolina Ext 4 and Emzamo Section Sewer Reticulation in CALLM | G1: ='C'!G1 -> Contract Number: ALMT12/2024
B3: SECTION 3: EARTHWORKS SANS 1200 D | H3: SANS 1200 D
B4: ITEM NO. | C4: PAYMENT | D4: DESCRIPTION | E4: UNIT | F4: QTY | G4: RATE | H4: AMOUNT
H5: R
A6: 698 | B6: 3. | C6: SANS 1200 D | D6: EARTHWORKS
A8: 708 | B8: 3.1 | C8: 8.3.1 | D8: Site Preparation:
A10: 709 | B10: 3.1.1 | C10: 8.3.1.1 | D10: Clear and strip site. | E10: m² | F10: =5*5 -> 25
A12: 700 | B12: 3.2 | C12: 8.3.2 | D12: Bulk Excavation:
A14: 701 | B14: 3.2.1 | D14: (a) Excavate in all materials and use for embankment/backfill or dispose, as ordered. | E14: m³ | F14: =5*5*2 -> 50
A16: 702 | B16: 3.2.2 | D16: (b) Extra-over item 3.2.1 for:
A18: 704 | B18: 3.2.2.1 | D18: (1) Hard rock excavation (no blasting permitted in restricted areas). | E18: m³ | F18: =F14*0.05 -> 2.5
A20: 705 | B20: 3.2.2.2 | D20: (2) Boulder excavation, Class A. | E20: m³ | F20: 1
A22: 706 | B22: 3.2.2.3 | D22: (3) Boulder excavation, Class B. | E22: m³ | F22: 1
A24: 707 | B24: 3.3 | C24: 8.3.4 | D24: Importing of Materials from commercial sources -
B26: 3.3.1 | D26: a) G7 material and compact to 93% MOD …........AASHTO. | E26: m³ | F26: =F14*0.8 -> 40
C28: SANS 1200D | D28: EARTHWORKS (COLUMN BASE) - Pipe Bridge
B30: 3.4 | C30: 8.3.3(a) | D30: Excavate and backfill to form platform for column bases | E30: m³ | F30: 1 | H30: =G30*F30 -> 0
B32: 3.4.1 | C32: 8.3.3(b) | D32: Extra over item 3.4 for:
B34: 3.4.1.1 | C34: 1 | D34: Intermediate excavation by mechanical means | E34: m³ | H34: Rate only
B36: 3.4.1.2 | C36: 2 | D36: Hard rock excavation by mechanical means | E36: m³ | H36: Rate only
B38: 3.4.1.3 | C38: 3 | D38: Boulder excavation Class A by mechanical means | E38: m³ | H38: Rate only
B40: 3.4.1.4 | C40: 4 | D40: Boulder excavation class B by mechanical means | E40: m³ | H40: Rate only
B42: 3.4.1.5 | D42: Disposal of surplus excavation material to spoil off site at closest approved dump site | E42: m³ | H42: Rate only
B44: 3.4.1.6 | D44: Hard rock excavation by blasting (Provisional item) | E44: m³ | H44: Rate only
B46: 3.5 | D46: Rip and compact 150mm insitu material to 93% Mod AASTHO for column base | E46: m³ | H46: Rate only
B48: 3.6 | D48: Extra over item (3.5) 5% Cement Stabilised clean sand backfill compacted to 98% Mod ASSTHO (Provisional item) | E48: m³ | H48: Rate only
B50: 3.7 | C50: PSD.1 | D50: Lateral support to column excavation. Rate to include design, installation of all shoring for column construction as per submitted method statement. | E50: m | H50: Rate only
B52: 3.8 | D52: Dewatering of column excavation area as instructed by the Engineer. | E52: m | H52: Rate only
B54: SECTION 3: Total Carried Forward to Summary

Sheet DB
A1: Rate=G | B1: =D!B1 -> Construction of Carolina Ext 4 and Emzamo Section Sewer Reticulation in CALLM | G1: =D!G1 -> Contract Number: ALMT12/2024
B4: SECTION 4: EARTHWORKS (PIPE TRENCHES) SANS 1200 DB | G4: SANS 1200 DB
B5: ITEM NO. | C5: PAYMENT | D5: DESCRIPTION | E5: UNIT | F5: QTY | G5: RATE | H5: AMOUNT
H6: R
A7: 522 | B7: 4. | C7: SANS 1200 DB | D7: EARTHWORKS (PIPE TRENCHES)
A9: 523 | B9: 4.1 | C9: 8.3.2(a) | D9: Selective excavation in all materials for Pipe trenches, backfill, compact to 90% Mod. AASHTO minimum density and dispose of surplus and unsuitable material. Rates shall include for cutting of level bench on steep terrain for excavation purposes, reinstatement of bench and shoring of trench in terms of the Occupational Health and Safety Act.
D11: For OD 160mm pipes:
A13: 529 | B13: 4.1.1 | D13: Over 0m to 1,5m | E13: m | F13: 980
A15: 531 | B15: 4.1.2 | D15: Over 1.5m to 2.0m | E15: m | F15: 1850
B17: 4.1.3 | D17: Over 2.0m to 2.5m | E17: m | F17: 930
B19: 4.1.4 | D19: Over 2.5m to 3.0m | E19: m | F19: 260
B21: 4.1.5 | D21: Over 3.0m | E21: m | F21: 200
A23: 590 | B23: 4.2 | D23: Extra-over items 4.1.1 to 4.1.5 for :-
A25: 534 | B25: 4.2.1 | C25: 8.3.2(b)(2) | D25: Excavation in hard rock (no blasting permitted)._x000D_ | E25: m³ | F25: =4170*2*0.75*0.1 -> 625.5
A27: 535 | B27: 4.2.2 | C27: 8.3.2(c) | D27: Excavate and dispose of unsuitable material from trench bottom (Provisional)._x000D_ | E27: m³ | F27: =F25 -> 625.5
B29: 4.2.3 | C29: PSDB-8.3.8 | D29: Backfilling of road crossings and provision of 150mm of 3% cement stabilisation of granular backfill. | E29: m³ | F29: =30*7*0.15 -> 31.5
A31: 536 | B31: 4.3 | C31: 8.3.3 | D31: Excavation Ancillaries
A33: 537 | B33: 4.3.1 | C33: 8.3.3.1 | D33: Make up deficiency in backfill material (provisional).
A35: 528 | B35: 4.3.1.1 | D35: a) from other necessary excavations on site. | E35: m³ | F35: =F27*0.6 -> 375.3
B37: 4.3.1.2 | D37: c) by importation from commercial or off-site sources selected by the Contractor. | E37: m³ | F37: =F27*0.4 -> 250.2
B39: 4.3.2 | C39: 8.3.3.3 | D39: Compaction in roadways to 93% MOD AASHTO for areas subject to vehicular loading. | E39: m³ | F39: =F29 -> 31.5
B41: 4.3.3 | D41: DCP testing to confirm rock depths along the stream. | E41: No. | F41: 10
B43: 4.4 | C43: 8.3.4 | D43: Particular Items
B45: 4.4.1 | C45: 8.3.4(a) | D45: Shore trench adjacent to structures and services as per requirements of Occupational Health and Safety Act. | E45: m | F45: 1250
B46: Total Carried Forward
A48: Rate=G | B48: =B1 -> Construction of Carolina Ext 4 and Emzamo Section Sewer Reticulation in CALLM | G48: =G1 -> Contract Number: ALMT12/2024
B51: SECTION 4: EARTHWORKS (PIPE TRENCHES) SANS 1200 DB | G51: SANS 1200 DB
B52: ITEM NO. | C52: PAYMENT | D52: DESCRIPTION | E52: UNIT | F52: QTY | G52: RATE | H52: AMOUNT
H53: R
B54: Total Brought Forward | H54: =H46 -> 0
B56: 4.5 | C56: 8.3.5 | D56: Existing Services_x000D_
B58: 4.5.1 | C58: 8.3.5(a) | D58: Services that intersect a trench.
B60: 4.5.1.1 | D60: 1) Water pipes up to DN 1000mm. | E60: No. | F60: 15
B62: 4.5.1.2 | D62: 2) Electricity LV/MV/HV cables (singles or in group) | E62: No. | F62: 8
B64: 4.5.1.3 | D64: 3) Stormwater pipelines up to 450mm diameter. | E64: No. | F64: 8
B66: 4.5.1.4 | D66: 4) Sewer Pipes up to DN 200mm. | E66: No. | F66: 8
B68: 4.5.2 | C68: 8.3.5(b) | D68: Services that adjoin a trench:
B70: 4.5.2.1 | D70: 1) Water pipes up to 1000mm diameter. | E70: m | F70: 100
B72: 4.5.2.2 | D72: 2) Electricity LV/MV/HV cables (singles or in group) | E72: m | F72: 50
B74: 4.5.2.3 | D74: 3) Stormwater pipelines up to 450mm diameter. | E74: m | F74: 50
B76: 4.5.2.4 | D76: 4) Sewer Pipes up to DN 200mm. | E76: m | F76: 50
B88: SECTION 4: Total Carried Forward to Summary
A92: 559
A94: 560
A96: 561
A98: 562

Sheet DK
A1: Rate=G | B1: =DB!B48 -> Construction of Carolina Ext 4 and Emzamo Section Sewer Reticulation in CALLM | G1: =DB!G48 -> Contract Number: ALMT12/2024
B4: SECTION 5: GABIONS AND PITCHING SANS 1200 DK | H4: SANS 1200 DK
B5: ITEM NO. | C5: PAYMENT | D5: DESCRIPTION | E5: UNIT | F5: QTY | G5: RATE | H5: AMOUNT
H6: R
A7: 710 | B7: 5. | C7: SANS 1200 DK | D7: GABIONS AND PITCHING
A9: 719 | B9: 5.1 | C9: 8.2.1 | D9: Surface preparation for gabions including levelling, bedding, filling and compacting to create a firm base.
A11: 720 | B11: 5.1.1 | D11: (a) Cavities filled with approved excavated material or rock. | E11: m² | F11: 60
A13: 721 | B13: 5.1.2 | D13: (b) Cavities filled with 15 MPa concrete (provisional). | E13: m² | H13: Rate only
A15: 722 | B15: 5.2 | C15: 8.2.2 | D15: Supply, assemble, align and fill PVC galvanised wire coated gabion baskets and reno mattresses.
A17: 723 | B17: 5.2.1 | D17: (a) Gabion Basket - 1.0m x 1.0m x 1.0m. | E17: m³ | F17: 50
A19: 727 | B19: 5.2.2 | D19: (b) Reno Mattress - 0.1m x 2.0m x 6.0m. | E19: m³ | F19: 50
A21: 725 | B21: 5.3 | C21: 8.2.4 | D21: Supply, cut, lay, join, overlap and fasten U24 geofabric / Grade A2 bidem material / similar approved. Rate to include for cutting, waste, placing, joining, overlapping and fastening into position. | E21: roll | F21: 2
B29: SECTION 5: Total Carried Forward to Summary

Sheet GA
A1: Rate=G | B1: =DK!B1 -> Construction of Carolina Ext 4 and Emzamo Section Sewer Reticulation in CALLM | G1: =DK!G1 -> Contract Number: ALMT12/2024
B4: SECTION 6: CONCRETE (SMALL WORKS) SANS 1200 GA | H4: SANS 1200 GA
B5: ITEM NO. | C5: PAYMENT | D5: DESCRIPTION | E5: UNIT | F5: QTY | G5: RATE | H5: AMOUNT
H6: R
A7: 638 | B7: 6. | C7: SANS 1200 GA | D7: CONCRETE (SMALL WORKS)
B9: 6.1 | C9: 8.2 | D9: Formwork
B11: 6.1.1 | C11: 8.2.1 | D11: Rough. | E11: m² | F11: =106*1*0.5 -> 53
B13: 6.1.2 | C13: 8.2.2 | D13: Smooth. | E13: m² | F13: 53
B15: 6.2 | C15: 8.3 | D15: Reinforcement
B17: 6.2.1 | C17: 8.3.1 | D17: High-tensile steel bars. | E17: t | F17: 0.5
B19: 6.2.2 | C19: 8.3.1 | D19: Mild steel bars (provisional item for stirrups). | E19: t | F19: 0.5
B21: 6.2.3 | C21: 8.3.1 | D21: Supply Y20 high-tensile steel bars and dowel 2m into bedrock with Epoxy type 618 or similar approved. | E21: No. | H21: Rate only
B23: 6.3 | C23: 8.4 | D23: Concrete
B25: 6.3.1 | C25: 8.4.1 | D25: 25MPa/19mm concrete for level footings below bases. | E25: m³ | F25: 90 | H25: Rate only
B27: 6.3.2 | C27: 8.4.2 | D27: 50mm blinding layer concrete (15MPa/19mm). | E27: m² | F27: 50
B29: 6.3.3 | C29: 8.4.3 | D29: 30MPa/19mm concrete for bases. | E29: m³ | F29: =134*0.15 -> 20.1 | J29: =1.25*1.25*3.14/4 -> 1.2265625
B31: 6.3.4 | C31: 8.4.3 | D31: 30MPa/19mm concrete for columns. | E31: m³ | H31: Rate only | J31: =J29*109 -> 133.69531
B33: 6.3.5 | C33: 8.4.3 | D33: Non-shrink grout (Epoxy type 618 compound or similar approved). | E33: m³ | F33: 1.5
B35: 6.3.6 | C35: 8.4.4 | D35: Unformed surface finishes.
B37: 6.3.6.1 | D37: (a) Wood-floated finish. | E37: m² | F37: 100
B39: 6.3.6.2 | D39: (b) Steel-floated finish. | E39: m² | F39: 200
B41: 6.4 | C41: 8.8 | D41: HD Bolts and Miscellaneous Metal Work
B43: 6.4.1 | C43: PSGA-8.10 | D43: Pipe fixing bracket complete as per Drawing - Pipe bridge RC bases and RC columns sections and details. | E43: No. | H43: Rate only
B45: 6.4.2 | C45: PSGA-8.8 | D45: M16 (GR A4) S/S HD Bolts. | E45: No. | H45: Rate only
B48: SECTION 6: Total Carried Forward to Summary

Sheet LB
A1: Rate=G | B1: =GA!B1 -> Construction of Carolina Ext 4 and Emzamo Section Sewer Reticulation in CALLM | G1: =GA!G1 -> Contract Number: ALMT12/2024
B4: SECTION 7: BEDDING (PIPES) SANS 1200 LB | H4: SANS 1200 LB
B5: ITEM NO. | C5: PAYMENT | D5: DESCRIPTION | E5: UNIT | F5: QTY | G5: RATE | H5: AMOUNT
H6: R
A7: 566 | B7: 7. | C7: SANS 1200 LB | D7: BEDDING (PIPES)
A9: 567 | B9: 7.1 | C9: 8.2.1 | D9: Provision of bedding from trench excavation:
A11: 568 | B11: 7.1.1 | D11: (a) Selected granular material (Provisional). | E11: m³ | F11: 1200
A13: 569 | B13: 7.1.2 | D13: (b) Selected fill material. | E13: m³ | F13: 4600
A15: 570 | B15: 7.2 | C15: 8.2.2 | D15: Supply only of bedding by importation.
A17: 571 | B17: 7.2.1 | C17: 8.2.2.3 | D17: From commercial sources:
A19: 572 | B19: 7.2.1.1 | D19: (a) Selected granular material. | E19: m³ | F19: =F11*10%*3 -> 360
A21: 575 | B21: 7.2.1.2 | D21: (b) Selected fill material. | E21: m³ | F21: =F19 -> 360
B23: 7.2.1.3 | D23: (c) Engineering fill material. | E23: m³ | H23: Rate only
A25: 574 | B25: 7.2.1.4 | D25: (d) Dust free 19mm stone aggregate (Provisional). | E25: m³ | F25: =400*0.1*0.75 -> 30
A27: 786 | B27: 7.2.1.5 | D27: (e) Dumprock (Provisional). | E27: m³ | F27: =F25 -> 30
B29: 7.3 | D29: Supply Materials and Construct stone bedding (as per available standard detail) where water-logged ground conditions exist (Provisional - Refere to the geotechnical investigation report attached).
B31: 7.3.1 | D31: (a) Dust free 19mm stone aggregate (Provisional). | E31: m³ | F31: =F25 -> 30
D33: (b) U24 geofabric / Grade A2 bidem material / similar approved. Rate to include for cutting, waste, placing, joining, overlapping and fastening into position. | E33: roll | F33: 8
D35: (e) Dumprock (Provisional). | E35: m³ | F35: =F31 -> 30
B38: SECTION 7: Total Carried Forward to Summary

Sheet REINSTATEMENT
A1: Rate=G | B1: =LD!B1 -> Construction of Carolina Ext 4 and Emzamo Section Sewer Reticulation in CALLM | G1: =LD!G1 -> Contract Number: ALMT12/2024
B3: SECTION 9: REINSTATEMENT
B4: ITEM NO. | C4: PAYMENT | D4: DESCRIPTION | E4: UNIT | F4: QTY | G4: RATE | H4: AMOUNT
H5: R
A6: 576 | B6: 9 | D6: REINSTATEMENT
A8: 577 | B8: 9.1 | C8: 8.3.6 | D8: Finishing
A10: 578 | B10: 9.1.1 | D10: Reinstate sidewalks:
A12: 728 | B12: 9.1.1.1 | D12: Concrete sidewalks, 100mm thick plus 100mm G2. | E12: m² | F12: 300 | H12: =G12*F12 -> 0
B14: 9.1.2 | D14: Supply and lay new:
B16: 9.1.2.1 | D16: Standard Figure 6. concrete barrier kerbs, Type 2A, complete as per standard detail drawing no. 38577. Rate to include for concrete haunching, base, fillet / channel etc. | E16: m | F16: 300 | H16: =G16*F16 -> 0
B18: 9.1.2.2 | D18: Concrete sidewalks, 100mm thick plus 100mm G2 (provisional). | E18: m | F18: 300 | H18: =G18*F18 -> 0
A20: 581 | B20: 9.1.3 | D20: Rip subgrade layer to a depth of 150mm and re-compact to 93% MOD AASHTO. | E20: m³ | F20: 100 | H20: =G20*F20 -> 0
A22: 582 | B22: 9.1.4 | D22: Supply G5 material from commercial sources and construct subbase layer compacted to 95% MOD AASHTO. | E22: m³ | F22: 100 | H22: =G22*F22 -> 0
A24: 583 | B24: 9.1.5 | D24: Supply G2 material from commercial sources and construct base layer (150mm) and compact to 98% MOD AASHTO. | E24: m³ | F24: 100 | H24: =G24*F24 -> 0
A26: 584 | B26: 9.1.6 | D26: Supply 50mm thick continously graded asphalt (Mix D) and construct wearing course for roadway. | E26: m² | F26: 400 | H26: =G26*F26 -> 0
A28: 585 | B28: 9.1.7 | D28: Tack Coat of 30% stable grade emulsion (application=0.3l/m²). | E28: ℓ | F28: 10 | H28: =G28*F28 -> 0
A30: 586 | B30: 9.1.8 | D30: Construct concrete slab protection complete as per standard detail. Refer to drawing No. 38575. | E30: m | F30: 100 | H30: =G30*F30 -> 0
B32: 9.1.9 | D32: Allow for works to be undertaken by an accredited sub-contractor for landscaping, planting of trees and vegetation for the site. | E32: _ | F32: _ | H32: Rate Only
B34: 9.1.10 | D34: Allow for works to be undertaken by an arboriculturist to prune trees, seal wounds (where necessary) and remove dead wood from site. | E34: _ | F34: _ | H34: Rate Only
A40: 587
B41: Total Carried Forward
H42: 83
A43: Rate=G | B43: =B1 -> Construction of Carolina Ext 4 and Emzamo Section Sewer Reticulation in CALLM | G43: =G1 -> Contract Number: ALMT12/2024
B46: SECTION 9: REINSTATEMENT
B47: ITEM NO. | C47: PAYMENT | D47: DESCRIPTION | E47: UNIT | F47: QTY | G47: RATE | H47: AMOUNT
H48: R
B49: Total Brought Forward
B50: 9 | D50: REINSTATEMENT
A52: 598 | B52: 9.2 | C52: PS.28 | D52: Grassing
A54: 600 | B54: 9.2.1 | D54: Re-lay stored topsoil to a depth of 150mm. Surplus material to be spread on site. | E54: m² | F54: 600 | H54: =G54*F54 -> 0
A56: 602 | B56: 9.2.2 | D56: Uplift grass sods (overall width 1m), place clear of excavation for later relaying after completion of backfill. Rate to include for watering of grass sods to ensure that they do not dry out. | E56: m² | F56: 600 | H56: =G56*F56 -> 0
A58: 604 | B58: 9.2.3 | D58: Apply fertilizer and compost mixture [premixed at a rate of 11m³ of compost with 20kg of 2:3:2 (22)] at a rate of ½ kg to every metre of trench. | E58: m² | F58: 600 | H58: =G58*F58 -> 0
A60: 605 | B60: 9.2.4 | D60: Replace stockpiled grass sods, tamp down and water regularly until grass has re-established. | E60: m² | F60: 600 | H60: =G60*F60 -> 0
A62: 589 | B62: 9.2.5 | D62: Exported grass laid over fill material along the pipeline route as instructed by the Engineer (Rate to include, Supply, Planting, Placing to match adjacent ground and maintaining the grass). | E62: m² | F62: 600 | H62: =G62*F62 -> 0
A64: 592 | B64: 9.2.6 | D64: Supply installation of Biojute blanket (or similar approved) to fill material along the pipeline route as instructed by the Engineer. | E64: m² | F64: 600 | H64: =G64*F64 -> 0
A66: 788
A68: 789
A70: 790
A73: 597
A75: 778
A77: 779
B91: SECTION 9: Total Carried to Summary
H92: 84
A93: Rate=G

Sheet LD
A1: Rate=G | B1: =LB!B1 -> Construction of Carolina Ext 4 and Emzamo Section Sewer Reticulation in CALLM | G1: =LB!G1 -> Contract Number: ALMT12/2024
B4: SECTION 8: SEWERS SANS 1200 LD | H4: SANS 1200 LD
B5: ITEM NO. | C5: PAYMENT | D5: DESCRIPTION | E5: UNIT | F5: QTY | G5: RATE | H5: AMOUNT
H6: R
A7: 576 | B7: 8. | C7: SANS 1200 LD | D7: SEWERS
A9: 577 | B9: 8.1 | C9: 8.2.1 | D9: Supply, lay, joint, bed and test SABS 791 gravity sewer pipes with spigot and socket joints.
A11: 578 | B11: 8.1.1 | D11: 110mm dia. uPVC, class 34, heavy duty. | E11: m | F11: 420
B13: 8.1.2 | D13: 160mm dia. uPVC, class 34, heavy duty. | E13: m | F13: 1650
B15: 8.1.3 | D15: 200mm dia. uPVC, class 34, heavy duty. | E15: m | F15: 2100
A19: 728 | B19: 8.2 | C19: 8.2.1 | D19: Supply, lay, joint, test and strap 200mm diameter ductile iron elevated gravity sewer pipes with spigot and socket joints. | E19: m | F19: 300
B21: 8.3 | D21: Extra-over item 8.2 above for construction within the stream. Rate to include for diversion of stream/river flow as per the tenderer's submitted method statement, which must be approved by the Engineer. Refer to drawing for water levels and approximate 1:100 year floodline level. | E21: m | F21: 100
B23: 8.4 | D23: Supply and construct 75mm dia. HDuPVC pipe for drainage in pre-cast concrete piers. | E23: m | H23: Rate only
A25: 581 | B25: 8.4 | C25: 8.2.6 | D25: Erf Connections:
A27: 582 | B27: 8.4.1 | D27: Property terminal connection to connecting sewers complete as detailed on drawing. Allow 2m of 110mm diameter sewer per connection. Rate to include for all materials and fittings as shown up to 2.5m depth. | E27: No. | F27: =209-80-34-4-27-32+18+10 -> 60
A29: 583 | B29: 8.4.2 | D29: Extra-over item 8.4.1 above for:
A31: 584 | B31: 8.4.2.1 | D31: 110mmØ uPVC pipe from junction to property connection. | E31: m | F31: =60*10 -> 600
A33: 585 | B33: 8.4.2.2 | D33: connection made into a manhole, rate to include for benching inside manhole. | E33: No. | F33: 15
B35: 8.5 | C35: 8.2.3 | D35: Manholes:
B37: 8.5.1 | D37: Precast Concrete Manholes (1200mmØ) with light duty cover and frame, complete with channels, Type 'A' benching, etc. as per standard details. Rate shall include for excavation, shoring, backfilling, and compaction to 93% Mod AASHTO minimum density.
B39: Total Carried Forward
A41: Rate=G | B41: =B1 -> Construction of Carolina Ext 4 and Emzamo Section Sewer Reticulation in CALLM | G41: =G1 -> Contract Number: ALMT12/2024
B44: SECTION 8: SEWERS SANS 1200 LD | H44: SANS 1200 LD
B45: ITEM NO. | C45: PAYMENT | D45: DESCRIPTION | E45: UNIT | F45: QTY | G45: RATE | H45: AMOUNT
H46: R
B47: Total Brought Forward
A48: 598 | B48: 8.5.1.1 | D48: Over 0m to 1,5m to invert. | E48: No. | F48: 16
A50: 600 | B50: 8.5.1.2 | D50: Over 1,5m to 2,0m to invert. | E50: No. | F50: 50
A52: 602 | B52: 8.5.1.3 | D52: Over 2,0m to 2,5m to invert. | E52: No. | F52: 26
A54: 604 | B54: 8.5.1.4 | D54: Over 2,5m to 3,0m to invert. | E54: No. | F54: 8
A56: 605 | B56: 8.5.1.5 | D56: Over 3.0m to 4,50m to invert | E56: No. | F56: 6
A58: 589 | B58: 8.5 | C58: 8.2.4 | D58: Extra-over items 8.5.1.1 to 8.5.1.5 above for:
A60: 592 | B60: 8.5.1 | D60: i) Construct Backdrop Manholes: Type A complete as per drawing (provisional).
A62: 788 | B62: 8.5.1.6 | D62: Over 0.5m to 1.0m to invert. | E62: No. | F62: 0 | H62: Rate only
A64: 789 | B64: 8.5.2 | D64: ii) Construct Backdrop Manholes: Type A complete as per drawing (provisional).
A66: 790 | B66: 8.5.2.1 | D66: Over 1.0m to 2.0m to invert. | E66: No. | F66: 5
A68: 593 | B68: 8.5.3 | D68: Over 2.0m to 3.0m to invert. | E68: No. | F68: 5
A70: 779 | B70: 8.5.4.1 | D70: v) Type 'B' benching. | E70: No. | F70: 10
B72: 8.5.4.2 | D72: vi) Supply and fit Type 2A polymer cover within the roadway. | E72: No. | F72: 10
B74: 8.5.5 | D74: vii) Supply and fit heavy duty concrete manhole cover and frame as per standard details. | E74: No. | F74: 10
B76: 8.5.6
B79: Total Carried Forward
A81: Rate=G | B81: =B41 -> Construction of Carolina Ext 4 and Emzamo Section Sewer Reticulation in CALLM | G81: =G41 -> Contract Number: ALMT12/2024
B84: SECTION 8: SEWERS SANS 1200 LD | H84: SANS 1200 LD
B85: ITEM NO. | C85: PAYMENT | D85: DESCRIPTION | E85: UNIT | F85: QTY | G85: RATE | H85: AMOUNT
H86: R
B87: Total Brought Forward
B88: 8.5.8 | D88: viii) Construct concrete manhole on top of concrete pier complete as per detail on drawing | E88: No. | H88: Rate only
B90: 8.5.9 | D90: ix) Supply and fit GRP lockable manhole covers on elevated manholes. | E90: No. | H90: Rate only
B92: 8.6 | C92: 8.2.11 | D92: Break into and connect to existing sewer manholes (at correct line and level) for new connections, deal with live sewage flow and make good all benching. | E92: No. | F92: 20
B94: 8.7 | D94: Supply and install a 250mm diameter HDPE double flanged 90° short radius bend inside tie-in manhole located at stream crossing. | E94: No. | H94: Rate only
B96: 8.8 | D96: Prove existing sewer house connections as indicated on construction drawings. House connections to be surveyed, once located, and the x, y and z co-ordinates must be provided in an excel spreadsheet. | E96: No. | F96: 50
B98: 8.9 | D98: Supply and lay an elevated 250mm diameter ductile iron flanged both ends to tie-in into the existing tie-in manhole at stream crossing. | E98: m | H98: Rate only
B100: 8.10 | D100: Supply and lay a 250mm diameter flanged both ends HDPE pipe inside tie-in manhole at stream crossing. | E100: m | H100: Rate only
B102: 8.11 | D102: Supply and install 30mm High Aluminium Cement (HAC) rendering on the internal brickwork walls at the tie-in manhole at stream crossing. (Rate to allow for installation on brickwork during sewage flow conditions). | E102: m² | H102: Rate only
B104: 8.12 | D104: Supply and install Procast Aluminium Holderbrats fixed by 6mm Stainless Steel studs and double nuts epoxy grouted into the brick wall (to suit) of the tie-in manhole at stream crossing. | E104: No. | H104: Rate only
B106: 8.13 | D106: Supply and install Procast Aluminium Holderbrats fixed by 6mm Stainless Steel studs and double nuts epoxy grouted into the brick wall (to suit) of the tie-in manhole at stream crossing. | E106: No. | H106: Rate only
B108: 8.14 | D108: Supply and install Procast Aluminium Holderbrats fixed by 6mm Stainless Steel studs and double nuts epoxy grouted into the brick wall (to suit) of the tie-in manhole at stream crossing. | E108: No. | H108: Rate only
B110: Total Carried Forward
B112: =B81 -> Construction of Carolina Ext 4 and Emzamo Section Sewer Reticulation in CALLM | G112: =G81 -> Contract Number: ALMT12/2024
B115: SECTION 8: SEWERS SANS 1200 LD | H115: SANS 1200 LD
B116: ITEM NO. | C116: PAYMENT | D116: DESCRIPTION | E116: UNIT | F116: QTY | G116: RATE | H116: AMOUNT
H117: R
B118: Total Brought Forward
D119: FORMWORK (PIERS)
B121: 8.16 | D121: Supply and install 50D, 600mm Φ concrete pipes as permanent formwork for piers.
B123: 8.16.1 | D123: 1.0m and not exceeding 2.0m | E123: No. | H123: Rate only
B125: 8.16.2 | D125: 2.0m and not exceeding 3.0m | E125: No. | H125: Rate only
B127: 8.16.3 | D127: 3.0m and not exceeding 4.0m | E127: No. | H127: Rate only
B129: 8.16.4 | D129: 4.0m and not exceeding 5.0m | E129: No. | H129: Rate only
B131: 8.16.5 | D131: 5.0m and not exceeding 6.0m | E131: No. | H131: Rate only
B133: 8.16.6 | D133: 6.0m and not exceeding 7.0m | E133: No. | H133: Rate only
B136: SECTION 8: Total Carried Forward to Summary

Sheet Summary
A1: Rate=G | B1: =A!B226 -> Construction of Carolina Ext 4 and Emzamo Section Sewer Reticulation in CALLM | G1: =LD!G1 -> Contract Number: ALMT12/2024
B4: SUMMARY OF BILL OF QUANTITIES
B5: SECTION | C5: DESCRIPTION | G5: AMOUNT R
B7: SECTION 1: | C7: GENERAL | G7: R
B9: SECTION 2: | C9: SITE CLEARANCE | G9: R
B11: SECTION 3: | C11: EARTHWORKS | G11: R
B13: SECTION 4: | C13: EARTHWORKS (PIPE TRENCHES) | G13: R
B15: SECTION 5: | C15: GABIONS AND PITCHING | G15: R
B17: SECTION 6: | C17: CONCRETE (SMALL WORKS) | G17: R
B19: SECTION 7: | C19: BEDDING (PIPES) | G19: R
B21: SECTION 8: | C21: SEWERS | G21: R
B23: SUB-TOTAL | G23: R
B25: ADD 10% CONTINGENCIES | G25: R
B27: SUB-TOTAL | G27: R
F29: 10% CONTINGENCIES
F31: ESCALATION
F33: SUBTOTAL 2
B35: ADD 15% OF SUBTOTAL (VAT) | G35: R
B37: TOTAL CARRIED FORWARD TO FORM OF OFFER | G37: R
